Map: Thunderbird LE

Players

August

  • Race: Terran Terran
  • League: Master
  • Spawn Location: 11:00

Mez - Winner!

  • Race: Terran Terran
  • League: Master
  • Spawn Location: 5:00

VOD

Have the link to the VOD?

Description

Time

  • Played on: Aug. 11, 2019, 10:19 a.m.
  • Length: 6:30
Show
View Real Time Build Order
Export as new Build Order

August Terran 

Build Orders: Reaper Expand 

Get SALT Encoding   

  12  0:01  SCV  
  13  0:16  Supply Depot  
  13  0:21  SCV  
  14  0:33  SCV  
  15  0:44  Barracks  
  15  0:47  Refinery, SCV  
  16  0:59  SCV  
  17  1:10  Barracks  
  17  1:11  SCV  
  17  1:14  Refinery  
  18  1:24  SCV  
  19  1:34  Reaper  
  20  1:42  Supply Depot  
  21  1:53  Orbital Command  
  20  1:57  Reaper  
  21  2:06  Reaper  
  22  2:21  SCV  
  23  2:29  Reaper  
  24  2:38  Reaper  
  24  2:41  SCV  
  25  2:53  SCV  
  25  3:01  Reaper  
  25  3:05  SCV  
  25  3:10  Reaper  
  22  3:23  SCV  
  22  3:27  Factory  
  22  3:33  Reaper  
  20  3:36  SCV, Command Center  
  21  3:42  Reaper  
  22  3:50  SCV  
  23  4:05  Reaper  
  22  4:14  Reaper  
  22  4:37  Reaper  
  22  4:39  Widow Mine  
  21  4:50  Orbital Command  
  18  4:59  SCV  
  12  5:06  Widow Mine  
  14  5:11  Barracks Reactor x2  
  10  5:23  SCV  
  8  5:35  SCV  
  8  5:39  Widow Mine  
  9  5:46  Orbital Command  
  9  5:49  Marine x4  
  10  5:55  SCV  
  12  6:08  Marine  
Show
View Real Time Build Order
Export as new Build Order

Mez Terran - Winner!

Build Orders:  

Get SALT Encoding   

  12  0:02  SCV  
  13  0:14  SCV  
  13  0:18  Supply Depot  
  14  0:26  SCV  
  15  0:39  SCV  
  15  0:41  Barracks  
  16  0:45  Refinery  
  16  0:51  SCV  
  16  0:56  Refinery  
  17  1:03  SCV  
  18  1:15  SCV  
  19  1:29  Reaper, Orbital Command  
  20  1:34  Supply Depot  
  20  1:48  Factory  
  20  1:55  SCV  
  21  2:02  Reaper  
  21  2:07  SCV  
  23  2:20  SCV  
  24  2:29  Command Center  
  24  2:40  Hellion  
  24  2:41  Barracks Reactor  
  22  2:56  SCV  
  22  3:02  Hellion  
  19  3:13  SCV  
  19  3:18  Reaper x2  
  17  3:42  Hellion  
  18  3:58  SCV  
  18  4:10  SCV  
  18  4:13  Orbital Command  
  19  4:18  Reaper  
  19  4:19  Reaper  
  19  4:22  SCV  
  21  4:34  SCV  
  22  4:46  SCV  
  22  4:48  Hellion  
  25  4:59  SCV  
  26  5:06  Marine x2  
  28  5:11  SCV x2  
  30  5:17  Hellion  
  31  5:23  SCV  
  31  5:24  Reaper  
  31  5:25  SCV  
  35  5:28  Reaper  
  35  5:35  SCV  
  36  5:37  SCV  
  37  5:43  Supply Depot  
  37  5:47  SCV  
  37  5:49  SCV  
  37  5:59  Factory Tech Lab  
  37  6:03  SCV x2  
  39  6:15  SCV x2  
Tags
 
Add a new tag
Caveats
  • Supply blocks, unpowered buildings, or Contaminate may cause inaccurate times.
  • Supply counts are checked every 10 seconds.